 Dungeon Crawl Stone Soup version 0.31.0-11-ge490571c62 (webtiles) character file.

Game seed: 17176393746037006982

3597 stipulation the Merchant of Misery (level 10, -1/41 (46) HPs)
             Began as a Vine Stalker Necromancer on Jan 28, 2024.
             Was a Believer of Kikubaaqudgha.
             Slain by a wight
             ... wielding a +0 dire flail
              (5 damage)
             ... on level 7 of the Dungeon.
             The game lasted 00:23:14 (11463 turns).

stipulation the Merchant of Misery (VSNe)          Turns: 11463, Time: 00:23:15

HP:   -1/41 (46)    AC:  3    Str: 11    XL:     10   Next: 10%
MP:   0/23          EV: 12    Int: 19    God:    Kikubaaqudgha [**....]
Gold: 114           SH:  0    Dex: 15    Spells: 14/26 levels left

rFire   . . .        K - +0 flail (holy)
rCold   + . .        (no shield)
rNeg    . . .        a - +0 robe
rPois   .            (no helmet)
rElec   .            (no cloak)
rCorr   +            b - +0 pair of gloves
SInv    .            (no boots)
Will    +....        u - amulet of the acrobat
Stlth   +++          t - ring of protection from cold
HPRegen 1.06/turn    w - ring of resist corrosion
MPRegen 0.18/turn

%: acrobat, guardian spirit
@: heavily drained
A: fangs 3, regeneration 1, magic shield, antimagic bite, no potion heal 2
a: Renounce Religion, Unearth Wretches


You were on level 7 of the Dungeon.
You worshipped Kikubaaqudgha.
Kikubaaqudgha was pleased with you.
You visited 2 branches of the dungeon, and saw 9 of its levels.

You collected 552 gold pieces.
You spent 438 gold pieces at shops.

Inventory:

Hand Weapons
 s - a +2 whip of electrocution
 v - a +2 dagger of venom
 B - the +1 whip "Borogoil" {heavy, *Noise Will++ Int+2 SInv}
   (You found it on level 6 of the Dungeon)

   Int+2:     It affects your intelligence (+2).
   Will++:    It greatly increases your willpower.
   SInv:      It lets you see invisible.
   *Noise:    It may make a loud noise when swung.
 K - a +0 flail of holy wrath (weapon)
Armour
 a - a +0 robe (worn)
 b - a +0 pair of gloves (worn)
Jewellery
 t - a ring of protection from cold (left hand)
 u - an amulet of the acrobat (around neck)
 w - a ring of resist corrosion (right hand)
 H - a ring of fire
 L - the ring of Shadows {Umbra +Inv Stlth+}
   (You took it off a gnoll bouda on level 8 of the Dungeon)

   [ring of stealth]

   Umbra:     It surrounds you with an aura of shadow, increasing your stealth
   and reducing the accuracy of all others within it.
   +Inv:      It lets you turn invisible.
   Stlth+:    It makes you more stealthy.
Wands
 E - a wand of flame (1)
 I - a wand of paralysis (7)
Scrolls
 c - a scroll of revelation
 d - 3 scrolls of enchant weapon
 e - 2 scrolls of fear
 g - 3 scrolls of enchant armour
 h - a scroll of blinking
 k - 3 scrolls of fog
 l - a scroll of noise {unknown}
 n - 3 scrolls of teleportation
 r - 6 scrolls of identify
 y - a scroll of vulnerability {unknown}
 z - 2 scrolls of brand weapon {unknown}
 C - a scroll of amnesia {unknown}
 D - 3 scrolls of silence
 G - a scroll of poison
 J - a scroll of immolation {unknown}
Potions
 f - 2 potions of heal wounds {unknown}
 i - a potion of enlightenment {unknown}
 j - 2 potions of lignification
 m - 2 potions of brilliance {unknown}
 o - a potion of attraction {unknown}
 p - a potion of curing {unknown}
 q - a potion of berserk rage {unknown}
 x - 2 potions of haste
 A - a potion of resistance {unknown}
 F - a potion of mutation {unknown}


   Skills:
 - Level 2.0 Fighting
 - Level 4.0 Short Blades
 - Level 2.3 Dodging
 - Level 3.7 Stealth
 + Level 8.8 Spellcasting
 + Level 9.4 Necromancy
 - Level 4.1 Translocations


You had 14 spell levels left.
You knew the following spells:

 Your Spells              Type           Power      Damage    Failure   Level
a - Necrotise             Necr           100%       1d9       1%          1
b - Vampiric Draining     Necr           44%        2d9       1%          3
c - Animate Dead          Necr           44%        N/A       1%          4
d - Sublimation of Blood  Necr           44%        N/A       1%          2
e - Blink                 Tloc           48%        N/A       2%          2

Your spell library contained the following spells:

 Spells                   Type           Power      Damage    Failure   Level
 Kiss of Death            Conj/Necr      100%       2d13      1%          1
 Curse of Agony           Necr           44%        N/A       4%          5
 Magic Dart               Conj           32%        1d4       9%          1
 Call Imp                 Summ           16%        N/A       13%         2
 Manifold Assault         Tloc           24%        N/A       16%         4
 Dispersal                Tloc           12%        N/A       93%         6
 Disjunction              Tloc           12%        N/A       100%        8


Dungeon Overview and Level Annotations

Branches:
Dungeon (8/15)             Temple (1/1) D:4
   Lair: D:8-11

Altars:
Ashenzari
Cheibriados
Dithmenos
Fedhas
Gozag
Hepliaklqana
Kikubaaqudgha
Makhleb
Nemelex Xobeh
Okawaru
Qazlal
Ru
Sif Muna
Trog
Uskayaw
Vehumet
Wu Jian
Xom
Yredelemnul
Zin
The Shining One

Shops:
D:3 ?


Innate Abilities, Weirdness & Mutations

You have razor-sharp teeth.
Your natural rate of healing is unusually fast.
When hurt, damage is shared between your health and your magic reserves.
Your bite disrupts and absorbs the magic of your enemies.
Potions cannot restore your health.


Message History

Your gnoll zombie hits the wight.
The wight hits your gnoll zombie with a +0 dire flail!
Your gnoll zombie is destroyed!
The wight hits your gnoll bouda zombie with a +2 spear of freezing.
Your gnoll bouda zombie hits the wight.
The wight hits your gnoll bouda zombie with a +0 dire flail!
The wight hits your gnoll bouda zombie with a +2 spear of freezing!
Your gnoll bouda zombie is destroyed!
There is a stone staircase leading up, spattered with blood here.
The wight hits you from afar with a +2 spear of freezing.
You feel drained. The wight freezes you.
You closely miss the wight. Your bite misses the wight.
The wight is lightly damaged.
The wight closely misses you.
The wight hits you from afar with a +2 spear of freezing!
The wight freezes you.
You barely miss the wight. You bite the wight, but do no damage.
The wight is lightly damaged.
The wight hits you with a +0 dire flail.
The wight hits you from afar with a +2 spear of freezing.
The wight freezes you. The wight barely misses you.
The wight hits you from afar with a +2 spear of freezing!
You feel drained. The wight freezes you.
The wight hits you with a +0 dire flail!
The wight hits you from afar with a +2 spear of freezing!
* * * LOW HITPOINT WARNING * * *
You climb upwards.
There is a stone staircase leading down here.
You hit the wight.
The wight convulses.
Your bite misses the wight.
The wight is heavily damaged.
The wight misses you.
You hit the wight.
The wight convulses.
Your bite misses the wight.
The wight is heavily damaged.
The wight hits you with a +0 dire flail!
* * * LOW HITPOINT WARNING * * *
You feel drained.
* * * LOW HITPOINT WARNING * * *
The wight hits you with a +0 dire flail!
You die...
Kikubaaqudgha rasps: "You have failed me!
Welcome... death!"

### ### #.# #.#
#.######.# #........#
#.######.# #.######.#
#### #.#......#
...######.#.....[########
...'......'.....@z......#
...########.[....######.#
...# ####.......##.#
...######## #.......##.#
..........# #.......##.#
#.........# #.......##.#
#...(.....# #.......##.#
#.........# ###'######.#
########### #.# #.#


You could see a wight.

Vanquished Creatures
  Prince Ribbit (D:8)
  A wyvern (D:6)
  2 steam dragons (D:8)
  An acid dragon (D:8)
  A water moccasin (D:5)
  An orc warrior (D:7)
  A sky beast (D:7)
  A black bear (D:7)
  The ghost of browni3141 the Shield-Bearer, an amateur MiFi (D:2)
  An ogre (D:4)
  3 centaurs
  A phantom (D:4)
  3 bullfrogs
  2 wyvern zombies (D:8)
  4 scorpions
  3 wights
  2 centaur zombies (D:8)
  3 bombardier beetles
  2 jellies
  4 gnoll boudas
  3 hounds
  3 orc priests
  5 iguanas
  2 sleepcaps (D:5)
  9 orc wizards
  2 killer bee zombies (D:8)
  2 scorpion simulacra (D:3)
  17 gnolls
  3 adders (D:5)
  A hound simulacrum (D:3)
  7 ufetubi
  A ribbon worm (D:2)
  4 dart slugs
  An adder simulacrum (D:3)
  12 orcs
  9 ball pythons
  3 bats
  6 endoplasms
  3 giant cockroaches (D:1)
  6 goblins
  7 hobgoblins
  4 jackals (D:5)
  4 quokkas
  A ball python simulacrum (D:3)
  2 frilled lizards
  5 kobolds
  A quokka simulacrum (D:3)
  9 rats
170 creatures vanquished.

Vanquished Creatures (collateral kills)
  A gnoll (D:8)
  A kobold (D:1)
  3 quokkas
5 creatures vanquished.

Vanquished Creatures (others)
  2 gnoll zombies (D:8)
  An orc zombie (D:8)
3 creatures vanquished.

Grand Total: 178 creatures vanquished

Notes
Turn   | Place    | Note
-------+----------+-------------------------------------------
     0 | D:1      | stipulation the Vine Stalker Necromancer began the quest
                  | for the Orb.
     0 | D:1      | Reached XP level 1. HP: 9/9 MP: 4/4
   260 | D:1      | Reached XP level 2. HP: 13/13 MP: 3/6
   937 | D:1      | Reached XP level 3. HP: 9/16 MP: 1/7
  1774 | D:2      | Reached XP level 4. HP: 21/21 MP: 6/9
  3015 | D:3      | Learned a level 3 spell: Vampiric Draining
  3026 | D:3      | Learned a level 4 spell: Animate Dead
  3394 | D:3      | Noticed browni3141's ghost (amateur MiFi)
  3400 | D:3      | Found Zudweopp's Magic Scroll Shop.
  3412 | D:3      | Bought a scroll of blinking for 90 gold pieces
  3412 | D:3      | Bought a scroll of identify for 24 gold pieces
  3430 | D:3      | Reached XP level 5. HP: 21/25 MP: 0/10
  3511 | D:3      | Found a runed translucent gate.
  3511 | D:3      | Found a runed translucent gate.
  3511 | D:3      | Found a runed translucent gate.
  3654 | D:3      | Found a faded altar of an unknown god.
  3886 | D:4      | Found a staircase to the Ecumenical Temple.
  3902 | D:4      | Reached skill level 1 in Fighting
  3911 | Temple   | Entered the Ecumenical Temple
  3929 | Temple   | Became a worshipper of Kikubaaqudgha
  4073 | D:4      | Reached skill level 5 in Necromancy
  4073 | D:4      | Reached XP level 6. HP: 30/30 MP: 7/12
  4165 | D:4      | Found a burning altar of Makhleb.
  4165 | D:4      | Found a radiant altar of Vehumet.
  4503 | D:4      | HP: 2/45 [poisoned by an orc wizard]
  4903 | D:4      | Reached XP level 7. HP: 35/35 MP: 7/15
  5171 | D:4      | Reached skill level 5 in Spellcasting
  5171 | D:4      | Reached skill level 6 in Necromancy
  5438 | D:3      | Bought a scroll of fog for 48 gold pieces
  5535 | D:5      | Entered Level 5 of the Dungeon
  5655 | D:5      | Found a sparkling altar of Nemelex Xobeh.
  5946 | D:5      | Gained mutation: You have razor-sharp teeth. [Vine Stalker
                  | growth]
  5946 | D:5      | Reached XP level 8. HP: 39/39 MP: 6/17
  5959 | D:5      | Reached * piety under Kikubaaqudgha
  5959 | D:5      | Received a gift from Kikubaaqudgha
  5970 | D:5      | Reached skill level 7 in Necromancy
  6347 | D:5      | Identified the +1 chain mail of the Will of the Gods {rPois
                  | Dex+2 Slay+3}
  7016 | D:6      | Found a snail-covered altar of Cheibriados.
  7079 | D:6      | Reached skill level 1 in Short Blades
  7175 | D:6      | Noticed a wyvern
  7181 | D:6      | Killed a wyvern
  7182 | D:6      | Reached skill level 8 in Necromancy
  7268 | D:6      | Identified the +1 whip "Borogoil" {heavy, *Noise Will++
                  | Int+2 SInv}
  7295 | D:6      | Reached XP level 9. HP: 42/42 MP: 17/21
  7847 | D:7      | Identified the +4 long sword of Ambiguity {heavy, rC+ rN+
                  | MP+9 Int-2}
  7890 | D:7      | Reached ** piety under Kikubaaqudgha
  8139 | D:7      | Noticed a +0 hand axe
  8139 | D:7      | Noticed a +0 dagger
  8140 | D:7      | Found a hide-covered altar of Uskayaw.
  8784 | D:3      | Bought 2 scrolls of silence for 228 gold pieces
  8784 | D:3      | Bought a scroll of poison for 48 gold pieces
  9035 | D:2      | Killed browni3141's ghost
  9524 | D:7      | Learned a level 2 spell: Sublimation of Blood
  9527 | D:7      | Learned a level 2 spell: Blink
  9630 | D:7      | Reached skill level 1 in Translocations
 10196 | D:8      | Noticed Prince Ribbit
 10216 | D:8      | Killed Prince Ribbit
 10735 | D:7      | Reached skill level 9 in Necromancy
 10890 | D:8      | Reached XP level 10. HP: 29/46 MP: 21/23
 11068 | D:8      | HP: 1/46 [steam dragon/ball of steam (23)]
 11463 | D:7      | Slain by a wight

Illustrated notes

Levels and vault maps discovered:
D:1:      minmay_arrival_wavy_path, layout_loops_corners, minmay_tromino_v4_a
D:2:      layout_loops_corners, minmay_ruptured
D:3:      layout_loops_cross, hellmonk_ecumenical_altar_prayer_group,
          serial_shops, shop, gammafunk_ghost_icy
D:4:      layout_loops_ring, grunt_temple_overflow_lords_of_destruction,
          minmay_temple_entry_slanted, serial_library_hellmonk_big_corner,
          roderic_lattice_a
D:5:      layout_rooms, nemelex_spade_bored_becter, minmay_checkerbox
D:6:      layout_gridville, chei_slow_surprise
D:7:      layout_basic, dancing_weapons_uskayaw
D:8:      layout_cave_pools, serial_undead, serial_undead_d, serial_undead_b,
          serial_undead_d, serial_undead_a, uniq_prince_ribbit1
Temple:   nicolae_temple_elliptical

Skill      XL: |  1  2  3  4  5  6  7  8  9 |
---------------+----------------------------+-----
Stealth        | 3 |  3.7
Dodging        | 2 |  2.3
Spellcasting   | 3 4 5 7 8 |  8.8
Fighting       | 1 2 |  2.0
Necromancy     | 5 6 8 9 |  9.4
Short Blades   | 2 4 |  4.0
Translocations | 4 |  4.1

Action                     |  1- 3 |  4- 6 |  7- 9 | 10-12 || total
---------------------------+-------+-------+-------+-------++-------
  Melee: Unarmed           |    19 |    12 |       |       ||    31
         Bite              |     8 |    16 |    83 |     8 ||   115
         Whip              |       |    29 |     8 |       ||    37
         Dagger            |       |       |   211 |    13 ||   224
         Punch             |       |       |     3 |       ||     3
         Flail             |       |       |       |    11 ||    11
   Cast: Necrotise         |    71 |   107 |   123 |     9 ||   310
         Vampiric Draining |       |     8 |    30 |     3 ||    41
         Animate Dead      |       |       |     1 |     1 ||     2
  Evoke: Wand              |       |       |    29 |       ||    29
    Use: Scroll            |       |     4 |     2 |     1 ||     7
         Potion            |       |     3 |       |       ||     3
   Stab: Sleeping          |       |       |     3 |       ||     3
         Distracted        |       |       |     2 |       ||     2
 Armour: Robe              |    18 |    46 |   246 |    30 ||   340
         Skin              |       |     7 |       |       ||     7
  Dodge: Dodged            |    32 |    37 |   252 |    26 ||   347
